 Dungeon Crawl Stone Soup version 0.32-a0-673-g3729bd50f8 (webtiles) character file.

Game seed: 9407247145402196561

571 djent the Cutter (level 7, -23/42 HPs)
             Began as a Deep Elf Monk on Mar 10, 2024.
             Killed by an exploding gnoll (32 damage)
             ... ignited by their inner flame
             ... on level 4 of the Dungeon on Mar 11, 2024.
             The game lasted 00:26:45 (3942 turns).

djent the Cutter (Deep Elf Monk)                    Turns: 3942, Time: 00:26:46

Health: -23/42     AC:  3    Str: 16    XL:     7   Next: 12%
Magic:  9/9        EV: 15    Int: 15    God:
Gold:   98         SH:  0    Dex: 17    Spells: 6/6 levels left

rFire   . . .        e - +2 dagger (freeze)
rCold   . . .        d - orb {light}
rNeg    + . .        n - +1 robe {rN+}
rPois   .            (no helmet)
rElec   .            (no cloak)
rCorr   .            (no gloves)
SInv    .            (no boots)
Will    .....        o - amulet of the acrobat
Stlth   +            l - +6 ring of strength
HPRegen 0.27/turn    (no ring)
MPRegen 0.11/turn

%: acrobat
@: glowing
A: no striking features
a: no special abilities


You were on level 4 of the Dungeon.
You visited 1 branch of the dungeon, and saw 4 of its levels.

You collected 98 gold pieces.

Inventory:

Hand Weapons
 a - a +0 short sword
 e - a +2 dagger of freezing (weapon)
 s - a +3 great sword of holy wrath {lol}
 t - a +0 rapier
 w - a +0 broad axe {lol}
 A - a +1 short sword of protection {considering I'm going to have shit armor the whole game...}
Missiles
 f - 42 stones
 q - 9 poisoned darts (quivered)
 E - 2 throwing nets
Armour
 d - an orb of light (worn)
 n - a +1 robe of positive energy (worn)
 B - the +0 leather armour "Xoin" {*Slow rC- Dex+6 SInv, dog}
   (You took it off a hobgoblin on level 3 of the Dungeon)

   Dex+6:     It affects your dexterity (+6).
   rC-:       It makes you vulnerable to cold.
   SInv:      It lets you see invisible.
   *Slow:     It may slow you when you take damage.
 C - a +3 leather armour
Jewellery
 l - a +6 ring of strength (left hand)
 o - an amulet of the acrobat (around neck)
 z - a ring of magical power
 D - an amulet of magic regeneration
Scrolls
 k - 2 scrolls of poison
 p - a scroll of fog
 u - a scroll of vulnerability {unknown}
 v - a scroll of enchant weapon {unknown}
 y - a scroll of teleportation {unknown}
Potions
 c - a potion of ambrosia
 i - a potion of magic
 m - a potion of brilliance {unknown}
 r - a potion of attraction {unknown}
 x - a potion of haste {unknown}


   Skills:
 + Level 3.9 Fighting
 * Level 6.2 Short Blades
 + Level 5.8 Dodging


You had 6 spell levels left.
You didn't know any spells.
Your spell library contained the following spells:

 Spells                   Type           Power      Damage    Failure   Level
 Summon Small Mammal      Summ           0%         N/A       26%         1
 Lesser Beckoning         Tloc           0%         N/A       38%         2
 Call Canine Familiar     Summ           0%         N/A       63%         3
 Gell's Gravitas          Tloc           0%         N/A       63%         3
 Teleport Other           Tloc           0%         N/A       63%         3
 Tukima's Dance           Hex            0%         N/A       63%         3
 Passage of Golubria      Tloc           0%         N/A       95%         4
 Summon Blazeheart Golem  Fire/Summ      0%         N/A       95%         4
 Yara's Violent Unravell  Hex/Alch       0%         3d3       100%        5


Dungeon Overview and Level Annotations

Branches:
Dungeon (4/15)
 Temple: D:4-7

Altars:
Wu Jian
Zin
The Shining One

Shops:
D:2 (

Annotations:
D:3 exclusions: 2 upstairs and 1 more exclusion


Message History

The gnoll hits you from afar with a +0 halberd!
* * * LOW HITPOINT WARNING * * *
The gnoll hits something with a +0 club.
The gnoll hits you but does no damage. The gnoll hits you with a +0 flail.
* * * LOW HITPOINT WARNING * * *
Your endoplasm freezes the gnoll.
The gnoll is frozen.
Flame seeps out of the gnoll.
Your iguana is engulfed in poison gas.
Your iguana is poisoned.
Flame seeps out of your iguana.
Your iguana bites the gnoll but does no damage.
Your gnoll is engulfed in poison gas.
Your gnoll is poisoned.
Flame seeps out of your gnoll.
Your gnoll barely misses the gnoll.
Your kobold is engulfed in poison gas.
Your kobold is poisoned.
Flame seeps out of your kobold.
Your kobold hits the gnoll with a +0 short sword.
Flame seeps out of the gnoll.
Your gnoll is engulfed in poison gas.
Your gnoll is poisoned.
Flame seeps out of your gnoll.
Your gnoll hits the gnoll with a +1 heavy flail!
The gnoll explodes!
The fiery explosion engulfs your iguana!!
Your iguana's corpse dissolves into shadows!
The fiery explosion engulfs your gnoll!!
Your gnoll's corpse dissolves into shadows!
Your gnoll explodes!
Your iguana explodes!
The fiery explosion engulfs the gnoll!!
The fiery explosion engulfs your kobold!
Your kobold's corpse dissolves into shadows!
Your kobold explodes!
The fiery explosion engulfs your gnoll!!
Your gnoll's corpse dissolves into shadows!
The fiery explosion engulfs your endoplasm!!!
Your endoplasm dissolves into shadows!
Your endoplasm explodes!
Your gnoll explodes!
The fiery explosion engulfs you!!
Ouch! That really hurt!
You die...

############### #
############### #
############### #####
############### #....
#####.§§§☼§#### #....
#####.#§§§§§###### #....
#####.#@##<.####.###....
#####.#g##..###...##....
#####§#g##..##.....###.#
#####§§g...............#
#######.########.#######
#######.########.#
#######.########.#
#######.########'#*
#.....# **,,,**


You could see 2 gnolls.

Vanquished Creatures
  Sigmund (D:3)
  Eustachio (D:4)
  An orc priest (D:4)
  Jessica (D:3)
  Terence (D:2)
  2 orc wizards
  3 gnolls
  2 adders
  A white imp (D:4)
  5 dart slugs
  2 ribbon worms
  6 orcs
  6 endoplasms
  6 giant cockroaches
  4 goblins
  7 hobgoblins
  A quokka (D:1)
  7 ball pythons
  7 bats
  5 frilled lizards
  A goblin zombie (D:4)
  A hobgoblin zombie (D:4)
  6 kobolds
  A kobold skeleton (D:4)
  2 kobold zombies (D:4)
  2 orc skeletons (D:4)
  2 orc zombies (D:4)
  3 rats
87 creatures vanquished.

Vanquished Creatures (collateral kills)
  A gnoll (D:4)
1 creature vanquished.

Grand Total: 88 creatures vanquished

Notes
Turn   | Place    | Note
-------+----------+-------------------------------------------
     0 | D:1      | djent the Deep Elf Monk began the quest for the Orb.
     0 | D:1      | Reached XP level 1. HP: 13/13 MP: 3/3
   294 | D:1      | Reached XP level 2. HP: 18/18 MP: 4/4
   373 | D:1      | You fall into a shaft and drop 1 floor!
   374 | D:2      | thanks devs
   884 | D:1      | how many books on D:1
  1196 | D:2      | Reached XP level 3. HP: 22/22 MP: 5/5
  1278 | D:2      | did someone say EV?
  1391 | D:2      | Noticed Terence
  1520 | D:2      | rip random energy
  1624 | D:2      | Found Ciyk's Weapon Shop.
  1632 | D:2      | yuuuuh
  1827 | D:2      | Killed Terence
  1828 | D:2      | Reached skill level 4 in Short Blades
  1828 | D:2      | gottm
  2031 | D:2      | Reached XP level 4. HP: 27/27 MP: 6/6
  2575 | D:3      | Identified the +0 leather armour "Xoin" {*Slow rC- Dex+6
                  | SInv}
  2633 | D:3      | Noticed Sigmund
  2734 | D:3      | get halo'd bitch
  2739 | D:3      | Reached XP level 5. HP: 9/32 MP: 7/7
  3052 | D:3      | yur fukin with me
  3052 | D:3      | Sigmund's confuse is at 47%
  3065 | D:3      | Killed Sigmund
  3066 | D:3      | Reached skill level 5 in Short Blades
  3066 | D:3      | Reached skill level 5 in Dodging
  3066 | D:3      | Reached XP level 6. HP: 37/37 MP: 8/8
  3087 | D:3      | Found an ornate altar of the Wu Jian Council.
  3209 | D:3      | Found a glowing silver altar of Zin.
  3224 | D:3      | Noticed Jessica
  3225 | D:3      | Killed Jessica
  3226 | D:3      | wand of light just did 4d5 one shot Jessica
  3226 | D:3      | Jessica has 8-12 HP? lol
  3391 | D:4      | Found a glowing golden altar of the Shining One.
  3412 | D:4      | Noticed Eustachio
  3422 | D:4      | Killed Eustachio
  3423 | D:4      | Reached skill level 6 in Short Blades
  3524 | D:4      | Reached XP level 7. HP: 30/42 MP: 9/9
  3940 | D:4      | this is so fucked
  3942 | D:4      | Killed by an exploding gnoll... ignited by their inner
                  | flame

Illustrated notes #.....# ....[.. .....#. ....... ....... .....$. #.....####.# #.@....# #####....# ..# # Turn 374 on D:2: thanks devs ..###.......... #.............## ..# ##...#..... #.............#. ..# #...#..... #.......#######. ..# #.......#####............... ..#####......#(.................. .............#.....#...#......... ............>#..................# .............#..................# #######......#..@...............# # ########..................# ### #..........######### ..# ############ #.# #.# #.# #.# #.# Turn 884 on D:1: how many books on D:1 #......##.#.###. +...... #......##.#..... #...... #......##.###### #...... #......†..# #...... #......#### #...... +......# #...... #.[....# #.....)##......# #......@..#+#### #.....###.# ##### #.# #.# #.# #.# #.# #.# Turn 1278 on D:2: did someone say EV? ##'##### ### #....... #....##....... ##... +.....+....... #...... #.....#....... #.#.... #............. #.#.... #......#+#+### #.....#######...... #.... ........@......... ##### #.#.##....#.#+#.. # #.........# #.. # ##+#.#.##.#### ##### #...<.....# ..... #...####### #... #... #... #... #... #... +... Turn 1520 on D:2: rip random energy #...#.##..### #...####.. #.#.#.##..... #......... #.#.#.....##### #......... #.#.#.........# #......... #.#.#...#####.######## #......... #.#.>.......#.......(# #...####.. #.###.#..##.#........# ##### #.. #...........#........# #.. #####.#######...@....# #.. #............##### ### ######.......# # #.......# # .........# # ..........# # .............# ## ......##.....# #. ......# ...... #. Turn 1632 on D:2: yuuuuh

##..........##.########.#
##..........##.##.......#
#####...............###.#
#############..##.#.# #.#
.....@<......<....#.# #.#
####.#.###.#.÷.####.# #.#
# #...... #..(.....# #.#
# ####.....#...)#######.#
#.####.....#....@.......#
#....#........###########
..#.....##............
......[........#######
.......#.[.....#
.#.............#
.#.............######
.#..................#
...#.....####.#####.#


Turn 1828 on D:2: gottm # #. #.#### #....######### #............##
#.##.######...##### #.#.........@oo# #.#.####...###o# #.# ##.## .# #.# ...# .#
#.# ##### .# #.# .# #.# .# #.# .# #.# Turn 2734 on D:3: get halo'd bitch # #.#
#.#g.# #.. # #. ..... #.# #..# .#..### #~≈≈~~# #..# #.#..# #~~≈≈~# #..# # #..#
#~≈≈~## #..## ##.# #~≈≈~~# #... #.####### #~~≈≈~###.#######........
#####~≈≈~##...†.@.....# ...ßß~≈≈~~ßß...#####..# ............[..# #..#
..........@....# #..## #..ßß~~≈≈~ßß..## #...# ######~≈≈~~#########.#.#
#~~≈≈~#.........#.# #.~≈≈~....#######.# #### ##~≈≈~~.#.# #.# #>.. Turn 3052 on
D:3: yur fukin with me ..# #......~~≈≈~#. #'###'#.....~≈≈~#. #...).#.....~≈≈~#.
#.###.#.....~≈≈~.. ####.....#.....~≈≈~.. #..'.._..'.###~~≈≈~..
#.##.....#####~≈≈~~.. #.###.# ...~≈≈~... #@....# ##~~≈≈~##. #)###'# ##~≈≈~~##.
..# #.# #~~≈≈~###. #### .###~≈≈~~.... #~~≈≈~##### #~≈≈~~# #~≈≈~## #~~~##
##.######## Turn 3226 on D:3: wand of light just did 4d5 one shot Jessica # #
##### ######## #.... #.§§§§§## #.... #.#§g§.§# ### #.... #.#@##<.# ##.###....
#.#g##..###...##.... #.#g##..##.....###.# #..g...............#
###.########.####### #.# #.# #.# #.# #####.# #+# #.....# Turn 3940 on D:4: this
is so fucked

Levels and vault maps discovered:
D:1:      onia_arrival_mini_maze, layout_basic, chequers_serial_rivers_micro_a,
          minmay_misc_feat_iff, minmay_surrounded
D:2:      layout_basic, serial_shops, shop, uniq_terence
D:3:      wander_river, layout_loops_ring, mainiacjoe_overflow_six_doors_small,
          nicolae_wu_jian_immortal_techniques, uniq_sigmund, uniq_jessica
D:4:      layout_loops_corners, nicolae_tso_besieged_by_evil,
          cheibrodos_sewer_entry_sluice, grunt_decor_clamped, uniq_eustachio

Skill      XL: |  1  2  3  4  5  6 |
---------------+-------------------+-----
Dodging        | 4 5 |  5.8
Short Blades   | 4 5 6 |  6.2
Fighting       | 3 |  3.9

Action                     |  1- 3 |  4- 6 |  7- 9 || total
---------------------------+-------+-------+-------++-------
  Melee: Short sword       |   142 |   156 |       ||   298
         Dagger            |       |    36 |    60 ||    96
  Throw: Stone             |     5 |       |       ||     5
         Dart              |     1 |     1 |     2 ||     4
  Evoke: Wand              |     1 |     4 |       ||     5
    Use: Potion            |       |     3 |     2 ||     5
         Scroll            |       |       |     5 ||     5
   Stab: Invisible         |     4 |     3 |       ||     7
 Armour: Robe              |    45 |    43 |    26 ||   114
  Dodge: Dodged            |    88 |   109 |    41 ||   238

Table legend: (Time is in decaauts)
 A = Elapsed time spent in this place.
 B = Non-inter-level travel time spent in this place.
 C = Inter-level travel time spent in this place.
 D = Time resting spent in this place.
 E = Time spent auto-exploring this place.
 F = Levels seen in this place.
 G = Mean time per level.
                   A        B        C        D        E       F      G
               +--------+--------+--------+--------+--------+-----+--------+
         Total |   3881 |   3668 |    213 |    289 |   1979 |   4 |  970.2 |
       Dungeon |   3881 |   3668 |    213 |    289 |   1979 |   4 |  970.2 |
               +--------+--------+--------+--------+--------+-----+--------+

Top non-repeatable levels by time:
     D:3: 1239 daAuts
     D:1: 1226 daAuts
     D:2: 919 daAuts
     D:4: 496 daAuts
